Map: Frost LE

Players

Tenonee

  • Race: Terran Terran
  • League: Diamond

Derpfestor - Winner!

  • Race: Zerg Zerg
  • League: Diamond

VOD

Have the link to the VOD?

Description

Time

  • Played on: July 30, 2016, 9:19 a.m.
  • Length: 14:48
Show
View Real Time Build Order
Export as new Build Order

Tenonee Terran 

Build Orders: Reaper Expand, Bio Tank 

Get SALT Encoding   

  12  0:01  SCV  
  13  0:13  SCV  
  14  0:17  Supply Depot  
  14  0:25  SCV  
  15  0:39  SCV  
  15  0:40  Barracks  
  16  0:45  Refinery  
  16  0:51  SCV  
  17  1:00  Supply Depot  
  17  1:03  SCV  
  18  1:15  SCV  
  19  1:30  Reaper  
  20  1:34  Orbital Command  
  20  1:54  Command Center  
  20  2:00  SCV  
  21  2:02  Marine  
  22  2:14  SCV, Factory  
  23  2:26  SCV  
  24  2:38  Barracks Reactor, SCV  
  24  2:40  Refinery  
  25  2:50  SCV  
  26  2:54  Barracks  
  26  3:02  SCV  
  27  3:08  Orbital Command  
  27  3:14  SCV  
  28  3:21  Supply Depot  
  28  3:24  Barracks Tech Lab  
  28  3:26  SCV, Orbital Command  
  29  3:28  Starport  
  29  3:29  Hellion x2  
  33  3:39  SCV  
  34  3:45  Marine  
  35  3:51  Barracks Reactor  
  35  3:57  SCV  
  35  4:00  Hellion x2  
  40  4:03  SCV  
  40  4:09  SCV  
  42  4:11  Medivac, Stimpack  
  42  4:15  Marine, SCV  
  46  4:19  Supply Depot  
  46  4:21  SCV  
  47  4:27  SCV  
  47  4:31  Marine x2  
  49  4:33  Marine, SCV  
  52  4:40  SCV  
  53  4:45  SCV  
  53  4:47  Factory Tech Lab  
  53  4:52  SCV  
  55  4:53  Marine x3  
  55  4:58  SCV  
  59  5:01  Supply Depot  
  59  5:04  Bunker  
  59  5:06  Supply Depot, Medivac  
  61  5:11  Marine  
  61  5:12  Medivac  
  61  5:13  Marine x2  
  64  5:14  SCV x2  
  66  5:24  Siege Tank  
  66  5:26  SCV x2  
  71  5:28  Marine  
  72  5:38  Command Center, SCV  
  72  5:39  SCV  
  72  5:41  Marine x2  
  76  5:45  Refinery  
  76  5:46  Marine  
  76  5:47  Refinery  
  74  5:59  Marine x2  
  76  6:04  Marine  
  76  6:08  Medivac x2, Siege Tank  
  84  6:12  Supply Depot  
  84  6:14  Supply Depot  
  84  6:17  Marine x2  
  84  6:22  Marine  
  84  6:23  SCV  
  84  6:24  SCV  
  82  6:35  Marine x2  
  82  6:36  Liberator  
  82  6:38  Engineering Bay, Barracks  
  82  6:39  Engineering Bay, Barracks  
  84  6:44  Supply Depot  
  84  6:46  Supply Depot  
  84  6:51  Marine  
  84  6:52  Siege Tank  
  84  6:53  Marine x2, Medivac  
  95  6:59  Orbital Command  
  95  7:02  SCV x2  
  97  7:14  Marine x2, SCV  
  97  7:15  Marine  
  101  7:20  Terran Infantry Armor Level 1, Terran Infantry Weapons Level 1  
  101  7:26  Medivac  
  101  7:28  Barracks Tech Lab x2  
  103  7:32  Marine x2  
  103  7:33  Marine  
  106  7:41  Combat Shields  
  104  7:47  Marine  
  104  7:48  Marauder  
  104  7:50  Marine x3  
  108  7:59  Medivac, Siege Tank  
  108  8:05  Marine  
  98  8:08  Marine  
  91  8:14  Marine x2  
  91  8:15  Marauder  
  91  8:18  Armory  
  95  8:23  Marine  
  95  8:24  Factory  
  95  8:26  Marine  
  97  8:30  Medivac  
  97  8:32  Marine  
  97  8:33  Marauder  
  102  8:35  Marine  
  102  8:37  Orbital Command  
  102  8:41  Marine  
  104  8:43  Marine  
  104  8:45  Command Center  
  104  8:47  Siege Tank  
  108  8:50  Marine  
  108  8:53  Marine x2  
  111  9:04  Ghost Academy  
  111  9:11  Marine x2, Marauder  
  111  9:12  Factory Tech Lab, Medivac, Marauder x2  
  111  9:16  Refinery  
  121  9:18  Refinery  
  121  9:20  Terran Infantry Weapons Level 2  
  121  9:29  Marine x2  
  123  9:32  Marine x2  
  123  9:33  Marine  
  123  9:37  Terran Infantry Armor Level 2  
  126  9:43  Barracks  
  126  9:44  Barracks  
  126  9:46  Marine  
  126  9:47  Marine  
  126  9:48  Terran Ship Weapons Level 1  
  126  9:51  Marine  
  126  9:52  Marine x2  
  131  9:56  Siege Tank  
  134  10:06  Planetary Fortress  
  134  10:08  Marine  
  134  10:09  Marine x4  
  139  10:20  Medivac, Siege Tank  
  144  10:22  Refinery  
  144  10:25  Supply Depot, Refinery  
  144  10:26  Marine x2  
  144  10:27  Supply Depot, Marine x2  
  144  10:28  Supply Depot, Marine  
  148  10:29  Supply Depot  
  149  10:44  Marine x2  
  149  10:45  Marauder  
  149  10:46  Marine, Marauder  
  156  10:53  Liberator, Siege Tank x2  
  161  11:01  Marine  
  161  11:02  Marine  
  163  11:05  Marauder  
  163  11:08  Marine x2  
  163  11:10  Medivac  
  172  11:19  Marine  
  172  11:20  Marine  
  174  11:25  Marine  
  174  11:26  Marine  
  174  11:27  Marauder  
  174  11:28  Supply Depot  
  174  11:32  Siege Tank x2  
  184  11:37  Marine  
  184  11:38  Marine  
  186  11:45  Liberator  
  186  11:47  Marine  
  186  11:51  Supply Depot  
  186  11:52  Terran Infantry Weapons Level 3  
  187  12:00  Marine x4  
  191  12:02  Medivac  
  191  12:05  Marine  
  196  12:18  Marine  
  197  12:24  Marine, Marauder  
  172  12:48  Marine x3, Marauder  
  163  12:56  Marauder  
  162  13:19  Siege Tank x2  
  168  13:22  Ghost x3  
  168  13:24  Marine x2  
  148  13:41  Marine  
  148  13:45  Liberator x2  
  126  13:50  Ghost  
  126  13:51  Siege Tank, Ghost x2  
  134  13:56  Siege Tank  
  122  14:16  Marine x2  
  97  14:19  Marine x3  
Show
View Real Time Build Order
Export as new Build Order

Derpfestor Zerg - Winner!

Build Orders: Hatch First, Lurkers 

Get SALT Encoding   

  12  0:02  Drone  
  13  0:13  Drone  
  14  0:18  Overlord  
  14  0:33  Extractor x2, Drone x2  
  16  0:38  Drone  
  17  0:53  Extractor  
  16  1:02  Hatchery  
  16  1:03  Drone  
  17  1:11  Extractor  
  16  1:19  Spawning Pool  
  16  1:21  Drone  
  16  1:42  Drone  
  16  1:43  Drone  
  18  1:50  Drone  
  19  1:54  Overlord  
  19  2:05  Queen  
  21  2:09  Zergling x2  
  21  2:13  Queen  
  24  2:16  Zergling x2  
  24  2:22  Metabolic Boost  
  25  2:35  Drone x2  
  27  2:43  Drone  
  28  2:57  Hatchery  
  27  2:59  Drone  
  27  3:03  Drone  
  29  3:06  Queen  
  31  3:18  Drone  
  32  3:24  Drone  
  32  3:25  Overlord  
  33  3:33  Drone  
  34  3:35  Drone x2  
  34  3:37  Extractor, Drone  
  34  3:41  Overlord  
  36  3:47  Drone  
  36  3:48  Drone x2  
  39  3:52  Roach Warren  
  39  4:10  Drone x4  
  39  4:11  Overlord x2  
  39  4:12  Queen  
  44  4:25  Overlord x2  
  44  4:32  Drone x3  
  44  4:33  Drone  
  44  4:34  Roach x2  
  51  4:46  Roach x3  
  51  4:47  Roach  
  59  4:55  Roach x3  
  64  5:08  Zergling x4  
  64  5:09  Zergling x4  
  68  5:16  Lair  
  68  5:19  Drone  
  68  5:20  Evolution Chamber, Drone x2, Extractor  
  69  5:21  Drone  
  69  5:22  Evolution Chamber, Drone  
  70  5:33  Drone, Queen  
  70  5:34  Drone x3  
  76  5:35  Drone  
  76  5:39  Drone x2  
  79  5:43  Drone x2  
  81  5:54  Drone  
  82  5:58  Overlord x2  
  82  6:05  Queen  
  81  6:17  Zerg Melee Weapons Level 1  
  81  6:18  Zerg Ground Armor Level 1  
  81  6:23  Glial Reconstitution  
  81  6:32  Drone x2  
  83  6:33  Drone x3, Hydralisk Den  
  83  6:34  Drone  
  83  6:35  Extractor  
  85  6:47  Hatchery  
  85  6:50  Drone x3, Overlord  
  85  6:51  Overlord  
  87  6:59  Ravager x3  
  87  7:00  Ravager x2  
  92  7:03  Drone x2  
  92  7:04  Extractor, Drone  
  92  7:05  Drone x4, Extractor  
  92  7:06  Drone  
  92  7:07  Overlord x2  
  92  7:08  Overlord  
  98  7:10  Lurker Den  
  98  7:29  Hydralisk x2, Roach x2, Zergling x6  
  107  7:30  Roach  
  107  7:32  Zergling x4  
  113  7:42  Hydralisk x2  
  113  7:43  Roach x3, Zergling x4  
  123  7:50  Ravager x3  
  122  8:12  Queen  
  124  8:13  Drone x7  
  124  8:16  Zerg Melee Weapons Level 2  
  124  8:17  Zerg Ground Armor Level 2  
  131  8:22  Infestation Pit  
  131  8:23  Spore Crawler  
  129  8:32  Extractor  
  129  8:33  Hydralisk x3  
  129  8:34  Hydralisk  
  132  8:38  Lurker  
  132  8:39  Overlord x2  
  137  8:44  Drone x3  
  137  8:47  Extractor, Overlord, Spore Crawler  
  138  8:49  Overlord  
  138  8:57  Drone x3  
  138  8:58  Drone x5  
  146  9:04  Hive  
  146  9:06  Lurker x2  
  146  9:07  Lurker  
  149  9:10  Zergling x2  
  149  9:11  Zergling x2  
  149  9:12  Zergling x2  
  149  9:14  Overlord x3  
  152  9:22  Drone  
  153  9:25  Hatchery  
  151  9:57  Hydralisk x2  
  151  9:58  Zergling x4  
  151  9:59  Zergling x4  
  159  10:20  Zergling x14  
  159  10:21  Zergling x2  
  167  10:24  Hydralisk  
  167  10:25  Roach x3  
  167  10:27  Ultralisk Cavern  
  174  10:57  Queen  
  174  11:01  Adrenal Glands  
  174  11:02  Zerg Ground Armor Level 3, Zerg Melee Weapons Level 3  
  176  11:16  Muscular Augments  
  176  11:24  Chitinous Plating  
  188  11:25  Ultralisk x2  
  188  11:26  Ultralisk  
  188  11:27  Overlord x2  
  194  11:40  Spine Crawler x2  
  194  11:41  Spore Crawler x2  
  190  11:50  Ultralisk  
  196  11:55  Ravager  
  196  11:56  Lurker  
  198  12:14  Ultralisk  
  198  12:23  Drone  
  186  12:38  Hydralisk  
  186  12:41  Hatchery  
  172  12:47  Zergling x2  
  172  12:48  Zergling x14  
  172  12:49  Ultralisk, Zergling x8  
  172  12:50  Ultralisk x3  
  186  13:16  Drone x2  
  186  13:17  Drone  
  176  13:29  Ultralisk x4  
  199  13:35  Zergling x2  
  186  13:42  Hydralisk x2, Zergling x14  
  186  13:43  Zergling x4  
  198  14:01  Zergling x4  
  200  14:13  Hydralisk  
  193  14:22  Hydralisk x4  
  194  14:35  Ravager x3  
Tags
 
Add a new tag
Caveats
  • Supply blocks, unpowered buildings, or Contaminate may cause inaccurate times.
  • Supply counts are checked every 10 seconds.